 Dungeon Crawl Stone Soup version 0.19.0 (webtiles) character file.

8999 PrincessPwny the Grappler (level 11, 0/106 (107) HPs)
             Began as a Troll Berserker on Nov 7, 2016.
             Was a High Priest of Trog.
             Slain by an orc warrior
             ... wielding a +0 flail
              (15 damage)
             ... on level 11 of the Dungeon.
             The game lasted 00:42:26 (8156 turns).

PrincessPwny the Grappler (Troll Berserker)         Turns: 8156, Time: 00:42:28

HP:   0/106 (107)   AC:  9    Str: 30    XL:     11   Next: 17%
MP:   0/10          EV: 12    Int:  3    God:    Trog [*****.]
Gold: 681           SH:  0    Dex:  9    Spells: 0 memorised, 10 levels left

rFire  . . .     SeeInvis .       - Unarmed
rCold  . . .     Gourm    +     I - +0 troll leather armour
rNeg   . . .     Faith    .     (no shield)
rPois  .         Spirit   +     G - +2 hat {Spirit}
rElec  .         Reflect  .     (no cloak)
rCorr  +         Harm     .     (gloves unavailable)
MR     .....                    (boots unavailable)
Stlth  ++........               (no amulet)
                                v - ring of resist corrosion
                                r - ring of stealth

@: exhausted, about to teleport, slowed, very slow
A: unfitting armour, claws 3, fast metabolism 3, gourmand, regeneration 1,
shaggy fur 1, tough skin 2
a: Berserk, Trog's Hand, Brothers in Arms, Burn Spellbooks, Renounce Religion


You were on level 11 of the Dungeon.
You worshipped Trog.
Trog was extremely pleased with you.
You were full.

You visited 2 branches of the dungeon, and saw 12 of its levels.

You collected 681 gold pieces.

Inventory:

Armour
 a - a +1 animal skin
 n - a +0 robe
 G - a +2 hat of spirit shield (worn)
 I - a +0 troll leather armour (worn)
Jewellery
 h - an uncursed ring of ice
 r - a ring of stealth (left claw)
 v - a ring of resist corrosion (right claw)
Wands
 q - a wand of acid (8/15)
 y - a wand of flame (17/48)
 C - a wand of acid (5/15)
 E - a wand of digging (18/24)
Scrolls
 g - 3 scrolls of fear
 i - 3 scrolls of teleportation
 m - a scroll of blinking
 o - 2 scrolls of enchant armour
 s - 2 scrolls of fog
 u - a scroll of enchant weapon
 D - a scroll of magic mapping
Potions
 e - 3 potions of lignification
 f - 10 potions of curing
 j - a potion of might
 k - a potion of cancellation
 l - a potion of invisibility
 p - a potion of heal wounds
 t - a potion of resistance
 w - a potion of flight {unknown}
 B - a potion of haste {unknown}
Comestibles
 b - 7 bread rations
 c - 3 meat rations
 d - 4 beef jerkies
 x - 2 royal jellies
 z - 9 slices of pizza
 A - 5 chunks of flesh
 H - 3 fruits


   Skills:
 + Level 6.6 Fighting
 + Level 6.7 Dodging
 * Level 13.8 Unarmed Combat


You had 10 spell levels left.
You didn't know any spells.

Dungeon Overview and Level Annotations

Branches:
Dungeon (11/15)            Temple (1/1) D:7            Lair (0/6) D:10
    Orc (0/2) D:10

Altars:
Ashenzari
Dithmenos
Gozag
Kikubaaqudgha
Makhleb
Nemelex Xobeh
Okawaru
Qazlal
Ru
Trog
Yredelemnul
Zin
The Shining One

Shops:
D:7 !   D:10 (

Annotations:
D:10 exclusion: oklob plant


Innate Abilities, Weirdness & Mutations

You are too large for most types of armour.
You have claws for hands.
Your metabolism is lightning-fast.
You like to eat raw meat.
Your natural rate of healing is unusually fast.
You are covered in fur. (AC +1)
You have very tough skin. (AC +2)


Message History

The puff of flame hits you!
The gargoyle hurls a stone arrow at you.
The stone arrow misses you. The orc wizard misses you.
The gargoyle hurls a stone arrow at you.
The stone arrow hits you!
* * * LOW HITPOINT WARNING * * *
A black bear comes into view.
You're too exhausted to go berserk.
As you read the scroll of teleportation, it crumbles to dust.
You feel strangely unstable. The orc wizard barely misses you.
The orc wizard misses you. The orc warrior hits you with a flail!
* * * LOW HITPOINT WARNING * * *
An orc comes into view. It is wielding a dagger.
The orc wizard hits you with a dagger.
* * * LOW HITPOINT WARNING * * *
The black bear closely misses you. x2
The black bear claws you but does no damage.
The orc moves out of view.
The orc wizard closely misses you. The orc warrior hits you with a flail!
You die...

... ..
#.##....#
#..#. ..
#...#..
###...#.
#......
#.o9#.##
#o#..####
#@o.....#
##h.....#
#......#
#......#
#......#
.#
#......#
%#
#......#
.#
#......#
.#
######)#
.#


You could see an orc warrior, a black bear, a gargoyle, an orc priest and an orc
wizard.

Vanquished Creatures
  Gastronok (D:8)
  Erica (D:8)
  A death knight (D:11)
  A hill giant (D:11)
  An ugly thing (D:10)
  A cyclops (D:11)
  A troll (D:9)
  A wyvern (D:11)
  A hungry ghost (D:10)
  5 yaks (D:9)
  4 water moccasins
  An ice beast (D:9)
  A phantom (D:6)
  3 orc warriors
  2 black bears
  A necrophage (D:7)
  4 centaurs
  An ogre (D:9)
  2 crocodiles
  A big kobold (D:10)
  3 bullfrogs
  2 wyvern zombies
  2 scorpions
  3 killer bees (D:8)
  2 howler monkeys
  2 crimson imps
  A bullfrog zombie (D:6)
  7 hounds
  3 centaur skeletons
  3 orc priests
  A bullfrog skeleton (D:9)
  Jessica (D:3)
  An iguana (D:9)
  12 orc wizards
  4 worker ants
  A hound skeleton (D:4)
  A worker ant zombie (D:7)
  4 gnolls (D:2)
  7 adders
  4 shadow imps
  2 oozes
  2 worms (D:2)
  A dart slug (D:1)
  5 leopard geckos
  59 orcs
  3 giant cockroaches
  10 goblins
  6 hobgoblins
  8 jackals
  2 quokkas
  2 ball pythons
  10 bats
  6 frilled lizards
  2 jackal skeletons (D:4)
  A jackal zombie (D:5)
  11 kobolds
  A leopard gecko zombie (D:7)
  11 rats
  3 plants (D:10)
243 creatures vanquished.

Notes
Turn   | Place    | Note
-------+----------+-------------------------------------------
     0 | D:1      | PrincessPwny the Troll Berserker began the quest for the Orb.
     0 | D:1      | Reached XP level 1. HP: 22/22 MP: 0/0
    78 | D:1      | Reached XP level 2. HP: 29/29 MP: 1/1
   349 | D:1      | Reached skill level 4 in Unarmed Combat
   457 | D:1      | Reached ** piety under Trog
   582 | D:1      | Reached XP level 3. HP: 36/36 MP: 2/2
   937 | D:2      | Reached skill level 5 in Unarmed Combat
   937 | D:2      | Reached XP level 4. HP: 44/44 MP: 3/3
  1389 | D:3      | Found a sacrificial altar of Ru.
  1477 | D:3      | Found an opulent altar of Gozag.
  1479 | D:3      | Noticed Jessica
  1483 | D:3      | Killed Jessica
  1483 | D:3      | Reached XP level 5. HP: 50/50 MP: 4/4
  1541 | D:3      | Reached skill level 6 in Unarmed Combat
  1549 | D:3      | Reached *** piety under Trog
  1652 | D:3      | Found a faded altar of an unknown god.
  2019 | D:4      | Found an ancient bone altar of Kikubaaqudgha.
  2077 | D:4      | Reached XP level 6. HP: 45/59 MP: 5/5
  2109 | D:4      | Reached skill level 7 in Unarmed Combat
  2212 | D:4      | Found a stormy altar of Qazlal.
  2743 | D:5      | Entered Level 5 of the Dungeon
  2864 | D:5      | Reached skill level 8 in Unarmed Combat
  2987 | D:5      | Reached XP level 7. HP: 47/66 MP: 6/6
  3208 | D:5      | Found a sparkling altar of Nemelex Xobeh.
  3388 | D:5      | Found a bloodstained altar of Trog.
  3573 | D:6      | Found a bloodstained altar of Trog.
  3705 | D:6      | Found a glowing golden altar of the Shining One.
  3713 | D:6      | Lost intelligence.
  3766 | D:6      | Reached skill level 9 in Unarmed Combat
  3828 | D:6      | Reached **** piety under Trog
  4044 | D:6      | Found a shattered altar of Ashenzari.
  4239 | D:6      | Reached XP level 8. HP: 68/74 MP: 7/7
  4389 | D:6      | Gained mutation: You possess an exceptional clarity of mind. [potion of mutation]
  4389 | D:6      | Lost mutation: You possess an exceptional clarity of mind. [potion of mutation]
  4389 | D:6      | Gained mutation: Armour fits poorly on your strangely shaped body. [potion of mutation]
  4390 | D:6      | Gained mutation: You are somewhat resistant to further mutation. [potion of mutation]
  4390 | D:6      | Gained mutation: You are frail. (-10% HP) [potion of mutation]
  4434 | D:7      | Reached skill level 10 in Unarmed Combat
  5308 | D:7      | Found Zyoq's Distillery.
  5421 | D:7      | Found a staircase to the Ecumenical Temple.
  5426 | Temple   | Entered the Ecumenical Temple
  5541 | D:7      | Reached skill level 11 in Unarmed Combat
  5541 | D:7      | Reached XP level 9. HP: 62/74 MP: 8/8
  5636 | D:8      | Noticed Erica
  5642 | D:8      | Killed Erica
  5662 | D:8      | Found an iron altar of Okawaru.
  6106 | D:8      | Found a glowing silver altar of Zin.
  6487 | D:8      | Noticed Gastronok
  6521 | D:8      | Killed Gastronok
  6521 | D:8      | Reached skill level 5 in Fighting
  6521 | D:8      | Reached skill level 5 in Dodging
  6521 | D:8      | Reached skill level 12 in Unarmed Combat
  6521 | D:8      | Reached XP level 10. HP: 39/85 MP: 9/9
  7021 | D:9      | Reached skill level 13 in Unarmed Combat
  7023 | D:9      | Reached ***** piety under Trog
  7318 | D:9      | Found an iron altar of Okawaru.
  7318 | D:9      | Found a burning altar of Makhleb.
  7340 | D:10     | Entered Level 10 of the Dungeon
  7347 | D:10     | Found a basalt altar of Yredelemnul.
  7347 | D:10     | Noticed an oklob plant
  7455 | D:10     | Noticed a purple ugly thing
  7464 | D:10     | Killed a purple ugly thing
  7748 | D:10     | Found a staircase to the Orcish Mines.
  7785 | D:10     | Found a staircase to the Lair.
  7978 | D:10     | Found Arphuc's Weapon Shop.
  8044 | D:10     | Lost mutation: You are frail. (-10% HP) [potion of cure mutation]
  8044 | D:10     | Lost mutation: Armour fits poorly on your strangely shaped body. [potion of cure mutation]
  8044 | D:10     | Lost mutation: You are somewhat resistant to further mutation. [potion of cure mutation]
  8060 | D:11     | Noticed a hill giant
  8067 | D:11     | Killed a hill giant
  8067 | D:11     | Reached XP level 11. HP: 106/106 MP: 7/10
  8108 | D:11     | Noticed a death knight
  8128 | D:11     | Killed a death knight
  8156 | D:11     | Slain by an orc warrior

Skill      XL: |  1  2  3  4  5  6  7  8  9 10 |
---------------+-------------------------------+-----
Unarmed Combat | 4 5 6 8 9 11 12 13 | 13.8
Fighting       | 3 5 6 |  6.6
Dodging        | 3 5 6 |  6.7

Action                   |  1- 3 |  4- 6 |  7- 9 | 10-12 || total
-------------------------+-------+-------+-------+-------++-------
Melee: Unarmed           |    84 |   169 |   267 |   200 ||   720
       Punch             |     2 |     4 |     9 |     7 ||    22
Invok: Berserk           |     1 |     2 |     5 |     4 ||    12
  Use: Scroll            |       |    10 |     5 |     8 ||    23
       Potion            |       |       |     2 |     1 ||     3
 Stab: Sleeping          |     1 |     2 |       |       ||     3
  Eat: Chunk             |    13 |    20 |    31 |    24 ||    88
       Bread ration      |       |       |       |     1 ||     1
Armor: Animal skin       |    23 |    59 |    58 |     3 ||   143
       Troll leather arm |       |       |       |    30 ||    30
Dodge: Dodged            |    39 |    84 |   131 |    74 ||   328
